Map: [ESL] Inside and Out

Players

Dolan

  • Race: Terran Terran
  • Spawn Location: 7:00

Nice - Winner!

  • Race: Protoss Protoss
  • Spawn Location: 1:00

Event: DreamHack SC2 Masters 2022 Valencia

VOD

Have the link to the VOD?

Description

Time

  • Played on: July 1, 2022, 4:49 p.m.
  • Length: 4:21

All games in this series

Show
View Real Time Build Order
Export as new Build Order

Dolan Terran 

Build Orders: Hellion Opening 

Get SALT Encoding   

  12  0:00  SCV  
  13  0:12  SCV  
  14  0:16  Supply Depot  
  14  0:24  SCV  
  15  0:38  SCV  
  15  0:40  Barracks  
  16  0:42  Refinery  
  16  0:50  SCV  
  16  0:53  Refinery  
  17  1:08  SCV  
  18  1:20  SCV  
  19  1:31  Marine  
  19  1:32  Orbital Command  
  20  1:36  Factory  
  20  1:50  Barracks Reactor  
  20  1:51  Supply Depot  
  20  2:01  SCV  
  21  2:14  SCV  
  22  2:32  Command Center  
  22  2:41  Hellion x2  
  22  2:43  Reaper  
  27  2:46  SCV  
  27  2:51  Supply Depot  
  27  3:00  SCV  
  27  3:05  Hellion  
  30  3:12  Hellion  
  30  3:14  SCV  
  30  3:20  Starport  
  27  3:36  Hellion x2  
  27  3:38  Barracks Tech Lab  
  29  3:52  SCV  
  28  3:58  Hellion  
  28  3:59  Hellion  
  31  4:04  SCV  
Show
View Real Time Build Order
Export as new Build Order

Nice Protoss - Winner!

Build Orders: 1 Gate Expand 

Get SALT Encoding   

  12  0:00  Probe  
  13  0:12  Probe  
  14  0:18  Pylon  
  14  0:24  Probe (Chrono Boost)  
  15  0:38  Probe (Chrono Boost), Gateway  
  16  0:43  Probe (Chrono Boost)  
  16  0:49  Assimilator  
  17  0:54  Probe  
  18  1:06  Probe  
  19  1:18  Probe  
  20  1:25  Cybernetics Core  
  20  1:35  Nexus  
  20  1:44  Pylon  
  20  1:46  Probe  
  21  1:54  Assimilator  
  21  1:58  Probe  
  21  1:59  Stalker (Chrono Boost)  
  23  2:11  Warp Gate, Probe  
  24  2:20  Adept (Chrono Boost)  
  24  2:23  Probe  
  27  2:35  Probe  
  28  2:37  Robotics Facility  
  24  2:44  Stalker (Chrono Boost)  
  28  2:47  Probe  
  28  2:48  Probe  
  32  2:59  Probe, Shield Battery  
  32  3:00  Probe  
  34  3:06  Stalker  
  36  3:14  Probe x2  
  38  3:23  Warp Prism (Chrono Boost)  
  38  3:26  Probe  
  41  3:33  Probe  
  40  3:38  Probe  
  41  3:46  Probe  
  40  3:51  Probe  
  45  3:57  Pylon  
  45  3:58  Probe  
  45  4:02  Twilight Council  

Tags
 
Add a new tag
Caveats
  • Supply blocks, unpowered buildings, or Contaminate may cause inaccurate times.
  • Supply counts are checked every 10 seconds.